AoeStats
← Froschwetter

Highland

506086411Analyzed
4v4 RM · 20d ago on Sep 12, 2026· 21m 44s· 8 players
Game mode
Random Map
Map size
Large (8 player)
Population
200
Speed
Normal
Resources
Standard
Victory
Conquest
Starting age
Dark Age
Ending age
Imperial Age
RankedLock teamsTeams togetherTeam positionsShared explorationLock speedFull tech treeHidden civsTurbo modeCheats
Victory
Defeat
🇮🇹 Persians · Italy
1579
+8
🇩🇪 Teutons · Germany
1413
+14
🇨🇳 Berbers · China
1403
+15
🇨🇳 Britons · China
1376
+15
🇮🇳 Khmer · India
1401
-14
🇻🇳 Ethiopians · Vietnam
1385
-13
🇻🇳 Japanese · Vietnam
1373
-13
🇮🇳 Burgundians · India
1359
-12
Vince
6:37 Loom
9:16 Feudal Age
10:06 Double-Bit Axe
12:53 Fletching
13:05 Padded Archer Armor
bina
8:53 Feudal Age
9:07 Man-at-Arms
12:30 Fletching
12:27 Loom
15:36 Double-Bit Axe
16:35 Horse Collar
Vishu
11:13 Feudal Age
11:27 Loom
15:26 Castle Age
14:08 Double-Bit Axe
14:18 Horse Collar
Broken Angel
3:35 Double-Bit Axe
8:03 Horse Collar
9:06 Loom
11:35 Feudal Age
13:42 Gold Mining
14:06 Bow Saw
16:42 Castle Age
15:06 Heavy Plow
16:26 Scale Barding Armor
17:56 Wheelbarrow
20:22 Two-Man Saw
20:06 Cavalier
昊帅气
11:11 Feudal Age
14:48 Castle Age
13:55 Double-Bit Axe
17:09 Horse Collar
21:44 Heavy Plow
22:26 Bow Saw
S6
6:06 Loom
8:55 Feudal Age
18:48 Fletching
21:44 Wheelbarrow
Froschwetter
6:11 Loom
11:25 Feudal Age
15:29 Wheelbarrow
18:05 Castle Age
16:02 Town Watch
18:33 Castle Age
16:48 Bloodlines
16:31 Double-Bit Axe
18:27 Bloodlines
18:29 Forging
18:24 Scale Barding Armor
18:28 Gold Mining
18:22 Horse Collar
男高杀手
7:03 Loom
9:22 Feudal Age
9:57 Double-Bit Axe
15:20 Padded Archer Armor
20:13 Fletching
Connection lost

Rejoining the realm…

Still unreachable

The connection could not be restored.

Session expired

The server has moved on; the page needs a fresh start.